 Dungeon Crawl Stone Soup version 0.31.0 (webtiles) character file.

Game seed: 16333288661769158197

8071 Destapler the Grappler (level 11, -5/109 HPs)
             Began as a Troll Shapeshifter on Jan 19, 2024.
             Slain by an orc warrior
             ... wielding a +0 trident
              (8 damage)
             ... on level 2 of the Orcish Mines.
             The game lasted 00:14:20 (5848 turns).

Destapler the Grappler (Troll Shapeshifter)         Turns: 5848, Time: 00:14:20

Health: -5/109     AC:  5    Str: 26    XL:     11   Next: 5%
Magic:  10/10      EV: 18    Int: 12    God:
Gold:   465        SH:  0    Dex: 17    Spells: 10/10 levels left

rFire   + +          .
                       - Unarmed
rCold   . . .        (no shield)
rNeg    . . .        o - +1 robe of Somewhere Else {rF++ Int+6}
rPois   .            (helmet currently unavailable)
rElec   .            (cloak currently unavailable)
rCorr   .            (gloves unavailable)
SInv    .            (boots unavailable)
Will    .....        i - amulet of regeneration
Stlth   ++           e - +5 ring of evasion
HPRegen 1.98/turn    h - +6 ring of dexterity
MPRegen 0.12/turn

%: no passive effects
@: beast-form
A: beast (slay +4), large, unfitting armour, claws 3, regeneration 1, shaggy fur
1, tough skin 1
a: Begin Untransformation


You were on level 2 of the Orcish Mines.
You were a hulking beast.
You visited 2 branches of the dungeon, and saw 11 of its levels.

You collected 625 gold pieces.
You spent 160 gold pieces at shops.

Inventory:

Missiles
 m - 2 curare-tipped darts (quivered)
 D - 2 throwing nets
Armour
 a - a +0 animal skin
 o - the +1 robe of Somewhere Else (worn) {rF++ Int+6}
   (You bought it in a shop on level 3 of the Dungeon)

   Int+6:     It affects your intelligence (+6).
   rF++:      It greatly protects you from fire.
 A - a +0 cloak
Jewellery
 e - a +5 ring of evasion (left claw)
 h - a +6 ring of dexterity (right claw)
 i - an amulet of regeneration (around neck)
Talismans
 c - a beast talisman
 d - a flux talisman
 l - a maw talisman
 B - a blade talisman
Wands
 r - a wand of flame (73)
 v - a wand of iceblast (12)
 y - a wand of quicksilver (8)
 z - a wand of polymorph (13)
Scrolls
 f - a scroll of torment {unknown}
 k - 4 scrolls of teleportation
 n - a scroll of summoning {unknown}
 u - 2 scrolls of immolation {unknown}
 w - a scroll of enchant armour {unknown}
 x - 2 scrolls of identify
 F - a scroll of noise {unknown}
 G - a scroll of enchant weapon {unknown}
Potions
 g - a potion of enlightenment {unknown}
 j - 6 potions of curing
 p - 4 potions of ambrosia
 q - 3 potions of magic
 s - 2 potions of resistance
 t - a potion of cancellation
 C - a potion of might {unknown}
 E - a potion of heal wounds {unknown}


   Skills:
 + Level 7.2 Fighting
 - Level 4.0 Throwing
 + Level 3.7 Armour
 - Level 6.0 Dodging
 + Level 9.2 Unarmed Combat
 - Level 2.0 Evocations
 - Level 7.0 Shapeshifting


You had 10 spell levels left.
You didn't know any spells.
Your spell library contained the following spells:

 Spells                   Type           Power      Damage    Failure   Level
 Summon Small Mammal      Summ           0%         N/A       32%         1
 Ensorcelled Hibernation  Hex/Ice        0%         N/A       45%         2
 Call Canine Familiar     Summ           0%         N/A       69%         3
 Frozen Ramparts          Ice            0%         1d1       69%         3
 Fugue of the Fallen      Necr           0%         N/A       69%         3
 Gell's Gravitas          Tloc           0%         N/A       69%         3
 Ozocubu's Armour         Ice            0%         N/A       69%         3
 Summon Ice Beast         Ice/Summ       0%         N/A       69%         3
 Teleport Other           Tloc           0%         N/A       69%         3
 Anguish                  Hex/Necr       0%         N/A       97%         4
 Manifold Assault         Tloc           0%         N/A       97%         4
 Summon Blazeheart Golem  Fire/Summ      0%         N/A       97%         4
 Summon Mana Viper        Hex/Summ       0%         N/A       100%        5
 Dispersal                Tloc           0%         N/A       100%        6
 Sculpt Simulacrum        Ice/Alch       0%         N/A       100%        6
 Monstrous Menagerie      Summ           0%         N/A       100%        7


Dungeon Overview and Level Annotations

Branches:
Dungeon (9/15)             Temple (0/1) D:6            Lair (0/5) D:9
    Orc (2/2) D:9
    Elf: Orc:2

Altars:
Vehumet
Wu Jian
The Shining One

Shops:
D:1 :[   D:3 *   D:8 [   Orc:1 (

Annotations:
D:7 2 runed translucent doors, cellescent's ghost, novice GnWn


Innate Abilities, Weirdness & Mutations

You are a hulking beast.
Your limbs bulge with bestial killing power. (Slay +4)
You are too large for most types of armour.
You have claws for hands.
Your natural rate of healing is unusually fast.
You are covered in fur. (AC +1)
You have tough skin. (AC +1)


Message History

You are too injured to fight recklessly!
Unknown command.
Your transformation has ended.
You turn into a tree.
The +1 robe of Somewhere Else {rF++ Int+6} melds into your body.
Your roots penetrate the ground.
The orc hits you but does no damage. x5
The orc warrior hits you from afar with a +0 trident.
* * * LOW HITPOINT WARNING * * *
You are too injured to fight recklessly!
You hit the orc but do no damage.
Unknown command.
You barely miss the orc. The orc hits you but does no damage. x3
The orc hits you with a +0 falchion.
* * * LOW HITPOINT WARNING * * *
The orc hits you with a +0 hand axe.
* * * LOW HITPOINT WARNING * * *
The orc warrior hits you but does no damage.
Unknown command.
You pummel the orc!!
You kill the orc!
The orc hits you but does no damage. x3; The orc hits you with a +0 falchion.
* * * LOW HITPOINT WARNING * * *
The orc warrior hits you but does no damage.
Unknown command.
Unknown command.
You hit the orc.
You kill the orc!
The orc hits you but does no damage. The orc hits you with a +0 dagger.
* * * LOW HITPOINT WARNING * * *
The orc hits you but does no damage.
The orc warrior hits you but does no damage.
It was a potion of cancellation.
Your magical effects are unravelling.
You feel magically purged.
You feel less wooden.
The +1 robe of Somewhere Else {rF++ Int+6} unmelds from your body.
You turn into a hulking beast.
The orc misses you. The orc completely misses you. The orc closely misses you.
The orc warrior hits you from afar with a +0 trident!
You die...

....$...##
.........
.........
.........
........##
#..$o..##
..#...ooo.#
......)h).#
.##.#.)..##
#......#
...#....##
#.......##
###.#..##
####. ..
#..


You could see an orc warrior and 3 orcs.

Vanquished Creatures
  Pikel (D:4)
  An orc knight (Orc:1)
  An orc sorcerer (Orc:1)
  A manticore (D:8)
  The ghost of Quickbrownfox the Conjurer, a novice DsCj (D:6)
  Prince Ribbit (D:6)
  7 yaks
  A wraith (D:8)
  A steam dragon (D:6)
  An ice beast (D:7)
  2 black bears (D:9)
  5 orc warriors
  A lemure (D:4)
  7 ogres
  4 centaurs
  A phantom (D:4)
  2 kobold brigands (D:6)
  6 bullfrogs
  3 scorpions
  2 gnoll sergeants (D:9)
  15 wights
  5 howler monkeys
  4 hounds
  Crazy Yiuf (D:7)
  8 orc priests
  Ijyb (D:5)
  3 iguanas (D:6)
  A sleepcap (D:7)
  9 orc wizards
  8 gnolls (D:9)
  4 adders
  A river rat (D:6)
  A shadow imp (D:7)
  4 ufetubi
  A dart slug (D:3)
  3 ribbon worms
  48 orcs
  14 endoplasms
  2 giant cockroaches
  6 goblins
  10 hobgoblins
  6 jackals
  4 quokkas
  8 ball pythons
  3 bats
  A frilled lizard (D:3)
  16 kobolds
  5 rats
241 creatures vanquished.

Notes
Turn   | Place    | Note
-------+----------+-------------------------------------------
     0 | D:1      | Destapler the Troll Shapeshifter began the quest for the
                  | Orb.
     0 | D:1      | Reached XP level 1. HP: 18/18 MP: 0/0
    24 | D:1      | Reached skill level 1 in Fighting
    25 | D:1      | Reached XP level 2. HP: 27/27 MP: 1/1
   114 | D:1      | Found Hohon's Vocational Training.
   130 | D:1      | Found Jithulya's Armour Shop.
   281 | D:1      | Reached XP level 3. HP: 33/33 MP: 2/2
  1010 | D:3      | Found Tumuach's Assorted Antiques.
  1032 | D:3      | Bought a scroll labelled FULUMPUI UNNO for 24 gold pieces
  1032 | D:3      | Bought a scorched robe for 136 gold pieces
  1032 | D:3      | Identified the +1 robe of Somewhere Else {rF++ Int+6} (You
                  | bought it in a shop on level 3 of the Dungeon)
  1090 | D:3      | Reached XP level 4. HP: 41/41 MP: 3/3
  1153 | D:3      | Reached skill level 4 in Unarmed Combat
  1312 | D:3      | Found a radiant altar of Vehumet.
  1312 | D:3      | Found an ornate altar of the Wu Jian Council.
  1313 | D:3      | Found a glowing golden altar of the Shining One.
  1447 | D:4      | Noticed a phantom
  1454 | D:4      | Killed a phantom
  1455 | D:4      | Reached XP level 5. HP: 41/49 MP: 4/4
  1526 | D:4      | Noticed an ogre
  1532 | D:4      | Killed an ogre
  1533 | D:4      | Reached XP level 6. HP: 55/57 MP: 5/5
  1555 | D:4      | Reached skill level 5 in Unarmed Combat
  1582 | D:4      | Noticed Pikel
  1593 | D:4      | Killed Pikel
  1594 | D:4      | Reached skill level 6 in Unarmed Combat
  1594 | D:4      | Reached XP level 7. HP: 44/67 MP: 6/6
  1880 | D:5      | Entered Level 5 of the Dungeon
  1932 | D:5      | Got the Book of Algor
  2193 | D:5      | Noticed Ijyb
  2208 | D:5      | Killed Ijyb
  2467 | D:5      | Reached skill level 5 in Shapeshifting
  2534 | D:5      | Reached XP level 8. HP: 78/78 MP: 7/7
  2648 | D:5      | Reached skill level 5 in Fighting
  2735 | D:6      | Found a staircase to the Ecumenical Temple.
  2854 | D:6      | Found a runed translucent door.
  2856 | D:6      | Noticed Quickbrownfox's ghost (novice DsCj)
  2872 | D:6      | Noticed Prince Ribbit
  2891 | D:6      | Reached skill level 1 in Evocations
  2898 | D:6      | Killed Prince Ribbit
  2904 | D:6      | Reached XP level 9. HP: 68/89 MP: 8/8
  2961 | D:6      | Found a runed translucent door.
  3338 | D:6      | Killed Quickbrownfox's ghost
  3339 | D:6      | Reached skill level 5 in Dodging
  3339 | D:6      | Reached skill level 7 in Unarmed Combat
  4075 | D:7      | Found a large runed translucent door.
  4075 | D:7      | Found a large runed translucent door.
  4076 | D:7      | Noticed cellescent's ghost (novice GnWn)
  4101 | D:7      | Found a runed translucent door.
  4102 | D:7      | Noticed Crazy Yiuf
  4188 | D:7      | Killed Crazy Yiuf
  4281 | D:8      | Noticed a manticore
  4297 | D:8      | Killed a manticore
  4420 | D:8      | Reached skill level 8 in Unarmed Combat
  4420 | D:8      | Reached XP level 10. HP: 87/98 MP: 9/9
  4438 | D:8      | Reached skill level 1 in Throwing
  4438 | D:8      | Reached skill level 1 in Armour
  4590 | D:8      | Found Vegogg's Armour Emporium.
  5055 | D:9      | Identified the +9 falchion of Dithmenos, Screaming {drain,
                  | rF++ Dex+2 SInv}
  5400 | D:9      | Found a staircase to the Orcish Mines.
  5555 | D:9      | Found a staircase to the Lair.
  5709 | Orc:1    | Entered Level 1 of the Orcish Mines
  5710 | Orc:1    | Noticed an orc knight
  5715 | Orc:1    | Found Laur's Weapon Emporium.
  5718 | Orc:1    | Killed an orc knight
  5719 | Orc:1    | Reached skill level 9 in Unarmed Combat
  5721 | Orc:1    | Noticed an orc sorcerer
  5759 | Orc:1    | Killed an orc sorcerer
  5771 | D:9      | Reached XP level 11. HP: 49/109 MP: 10/10
  5810 | Orc:1    | Noticed an orc knight
  5825 | Orc:2    | Entered Level 2 of the Orcish Mines
  5845 | Orc:2    | HP: 8/163 [orc/+0 falchion (6)]
  5846 | Orc:2    | HP: 2/163 [orc/+0 falchion (3)]
  5848 | Orc:2    | Slain by an orc warrior

Illustrated notes

Levels and vault maps discovered:
D:1:      roderic_dead_forest, layout_rooms, serial_shops, shop,
          nicolae_shop_vocational
D:2:      layout_loops_cross, kennysheep_generic_room_5
D:3:      layout_rooms, gammafunk_temple_overflow_forgotten, serial_shops,
          nicolae_shop_gibbet_a_chance
D:4:      layout_basic, mrwooster_statue_mirror, uniq_pikel
D:5:      layout_cave_pods, bh_walls_and_bars, uniq_ijyb
D:6:      layout_basic, minmay_temple_entry_ruins, ebering_ghost_sewer_f,
          uniq_prince_ribbit1
D:7:      layout_basic, ebering_ghost_disaster_area, amethyst_killhole,
          uniq_crazy_yiuf_cottage
D:8:      layout_cave_pods, serial_shops, shop
D:9:      layout_cross, grunt_lair_entry_orc_guard_hut, orc_0_dummy,
          nicolae_letterblocks [nicolae_letter_subblock,
          nicolae_letter_subblock, nicolae_letter_subblock,
          nicolae_letter_subblock, nicolae_letter_subblock,
          nicolae_letter_subblock, nicolae_letter_subblock,
          nicolae_letter_subblock, nicolae_letter_subblock,
          nicolae_letter_subblock, nicolae_letter_subblock,
          nicolae_letter_subblock, nicolae_letter_subblock,
          nicolae_letter_subblock, nicolae_letter_subblock,
          nicolae_letter_subblock, nicolae_letter_subblock,
          nicolae_letter_subblock, nicolae_letter_subblock,
          nicolae_letter_subblock, nicolae_letter_subblock,
          nicolae_letter_subblock, nicolae_letter_subblock,
          nicolae_letter_subblock, nicolae_letter_subblock]
Orc:1:    layout_caves, serial_shops, nicolae_shop_waterfront
Orc:2:    st_orc_mages, layout_caves, serial_shops, nicolae_shop_hallway_stairs,
          nicolae_shop_peninsula, shop, shop, basic_altar, lemuel_statue_altar,
          mines1_david

Skill      XL: |  1  2  3  4  5  6  7  8  9 10 11 |
---------------+----------------------------------+-----
Fighting       | 1 2 3 6 7 |  7.2
Dodging        | 2 3 4 6 |  6.0
Unarmed Combat | 4 6 8 9 |  9.2
Shapeshifting  | 4 5 7 |  7.0
Evocations     | 1 2 |  2.0
Throwing       | 3 4 |  4.0
Armour         | 3 |  3.7

Action                     |  1- 3 |  4- 6 |  7- 9 | 10-12 || total
---------------------------+-------+-------+-------+-------++-------
  Melee: Unarmed           |   108 |    57 |   241 |   183 ||   589
         Punch             |     2 |     3 |     7 |    14 ||    26
  Throw: Dart              |       |       |       |     4 ||     4
    Use: Scroll            |     1 |       |     5 |       ||     6
         Potion            |       |       |     1 |     2 ||     3
   Stab: Sleeping          |     3 |       |     2 |     1 ||     6
 Armour: Animal skin       |    35 |       |       |       ||    35
         Robe              |       |    29 |   121 |   132 ||   282
         Skin              |       |       |    88 |    21 ||   109
  Dodge: Dodged            |    59 |    25 |   230 |   276 ||   590
